[Event "Titled Tuesday Blitz June 6 Early 2023"]
[White "Ibarra Jerez, Jose Carlos"]
[Black "Andreikin, Dmitry"]
[WhiteFideId "2226332"]
[BlackFideId "4158814"]
[WhiteElo "2631"]
[BlackElo "2736"]
[Result "1/2-1/2"]
[Round "9"]
[TimeControl "180+2"]
[Date "2023.06.06"]
[WhiteClock "0:01:10"]
[BlackClock "0:00:40"]
[Board "3"]

1. e4 c5 2. Ne2 Nc6 3. Nbc3 Nf6 4. d4 cxd4 5. Nxd4 e6 6. Ndb5 Bb4 7. e5 Nxe5 8. Bf4 d6 9. a3 Bxc3+ 10. Nxc3 O-O 11. Qd2 Nd5 12. Nxd5 exd5 13. Be2 Be6 14. O-O Qf6 15. c3 Qg6 16. Bg3 Rfe8 17. Rad1 Rac8 18. Rfe1 h5 19. Qd4 Nc4 20. Bd3 Bf5 21. Bxc4 dxc4 22. Qxd6 Bc2 23. Rc1 Bd3 24. Qxg6 fxg6 25. h4 Kf7 26. f3 Rxe1+ 27. Rxe1 Re8 28. Rxe8 Kxe8 29. Be5 Kf7 1/2-1/2


[Site "https://www.chess.com"]

[Event "Titled Tuesday Blitz June 6 Early 2023"]
[White "Nguyen, Ngoc Truong Son"]
[Black "Shevchenko, Kirill"]
[WhiteFideId "12401110"]
[BlackFideId "14129574"]
[WhiteElo "2556"]
[BlackElo "2603"]
[Result "0-1"]
[Round "9"]
[TimeControl "180+2"]
[Date "2023.06.06"]
[WhiteClock "0:00:03"]
[BlackClock "0:00:16"]
[Board "4"]

1. d4 Nf6 2. c4 g6 3. Nc3 Bg7 4. e4 d6 5. Nf3 O-O 6. Be2 e5 7. d5 a5 8. Bg5 h6 9. Bh4 Na6 10. Nd2 Bd7 11. O-O Qe8 12. b3 Nh7 13. f3 h5 14. a3 Bh6 15. Rb1 Nc5 16. Qc2 Be3+ 17. Bf2 Bxf2+ 18. Rxf2 Qe7 19. b4 axb4 20. axb4 Na4 21. Nd1 h4 22. g3 f5 23. f4 hxg3 24. hxg3 fxe4 25. Nxe4 exf4 26. gxf4 Bf5 27. Bd3 Rae8 28. Ng3 Qe1+ 29. Kg2 Bxd3 30. Qxd3 g5 31. f5 Nf6 32. Qd2 Qxd2 33. Rxd2 Nb6 34. Rc1 Re1 35. Rcc2 Ng4 36. Kf3 Ne5+ 37. Kf2 Rxd1 38. Rxd1 Nbxc4 39. Rd4 b5 40. Rc3 Kg7 41. Kg2 Ra8 42. Ne4 Ra2+ 43. Kg3 g4 44. Rc1 Ne3 45. Nf2 Nxf5+ 46. Kg2 Nxd4 47. Rxc7+ Kg6 0-1


[Site "https://www.chess.com"]

[Event "Titled Tuesday Blitz June 6 Early 2023"]
[White "Pranesh M"]
[Black "Makarian, Rudik"]
[WhiteFideId "35028600"]
[BlackFideId "44105681"]
[WhiteElo "2437"]
[BlackElo "2451"]
[Result "1-0"]
[Round "9"]
[TimeControl "180+2"]
[Date "2023.06.06"]
[WhiteClock "0:01:36"]
[BlackClock "0:00:22"]
[Board "5"]

1. e4 c5 2. Nf3 Nc6 3. d4 cxd4 4. Nxd4 e6 5. Nc3 a6 6. Nxc6 bxc6 7. Bd3 d5 8. O-O Nf6 9. Kh1 Be7 10. f4 O-O 11. Qe1 c5 12. e5 Nd7 13. f5 c4 14. f6 cxd3 15. fxe7 Qxe7 16. cxd3 d4 17. Qe4 Rb8 18. Qxd4 Rb4 19. Qe3 Rg4 20. h3 Rg6 21. Ne2 Bb7 22. Nf4 Rg5 23. Nd5 Bxd5 24. Qxg5 Qb4 25. Qg3 Qd4 26. Re1 Rc8 27. Bh6 g6 28. Rac1 Rb8 29. b3 a5 30. Rc7 Nc5 31. Be3 Qxd3 32. Rxc5 a4 33. Rec1 h5 34. Qf4 Bb7 35. bxa4 Qe2 36. Qf2 Qd3 37. Kh2 Qe4 38. Bh6 Bd5 39. Re1 Rb2 40. Rc8+ Kh7 41. Qxf7+ Kxh6 42. Rh8+ Kg5 43. Qf6# 1-0


[Site "https://www.chess.com"]

[Event "Titled Tuesday Blitz June 6 Early 2023"]
[White "Babazada, Khazar"]
[Black "Deac, Bogdan-Daniel"]
[WhiteFideId "13413554"]
[BlackFideId "1226380"]
[WhiteElo "2369"]
[BlackElo "2644"]
[Result "1/2-1/2"]
[Round "9"]
[TimeControl "180+2"]
[Date "2023.06.06"]
[WhiteClock "0:00:27"]
[BlackClock "0:00:09"]
[Board "6"]

1. Nf3 d5 2. g3 Nf6 3. Bg2 e6 4. O-O Be7 5. d3 O-O 6. Nbd2 Nc6 7. b3 e5 8. e4 dxe4 9. dxe4 Bc5 10. Bb2 Qe7 11. Qe2 Rd8 12. Nc4 Bg4 13. h3 Bxf3 14. Qxf3 Nd4 15. Bxd4 Bxd4 16. Rad1 b5 17. Ne3 Bxe3 18. Qxe3 c6 19. Bf3 h6 20. Qc3 Qc7 21. h4 c5 22. Qe3 a6 23. c3 c4 24. bxc4 Qxc4 25. Rxd8+ Rxd8 26. Qb6 Ra8 27. Rd1 Qxa2 28. Qb7 Rf8 29. Rd6 Qa1+ 30. Kg2 Qxc3 31. Rxa6 Qd3 32. Rb6 Qd7 33. Qa6 Qd4 34. Qb7 Qd7 35. Qxd7 Nxd7 36. Rxb5 Re8 37. Bg4 Nf6 38. Bf3 h5 39. Rb6 Kh7 40. Bd1 Kg8 41. Bb3 Nxe4 42. Rb7 Rf8 43. Rc7 Nf6 44. Re7 e4 45. Kf1 g6 46. Bc2 Kg7 47. Bxe4 Nxe4 48. Rxe4 Rd8 49. Kg2 Rd6 50. Rf4 Re6 51. Kf3 Rd6 52. Re4 Rb6 53. Rf4 Rb3+ 54. Kg2 Rb6 55. Rf3 Re6 56. Rf4 Rd6 57. Kf3 Re6 58. Re4 Rd6 59. Ke3 Kf6 60. Rf4+ Kg7 61. Rd4 Re6+ 62. Re4 Ra6 63. Rd4 Ra3+ 64. Rd3 Ra4 65. Rd4 Ra3+ 66. Rd3 Ra4 67. Rd4 Ra3+ 1/2-1/2


[Site "https://www.chess.com"]

[Event "Titled Tuesday Blitz June 6 Early 2023"]
[White "Gledura, Benjamin"]
[Black "Lenderman, Aleksandr"]
[WhiteFideId "712779"]
[BlackFideId "2021285"]
[WhiteElo "2537"]
[BlackElo "2607"]
[Result "0-1"]
[Round "9"]
[TimeControl "180+2"]
[Date "2023.06.06"]
[WhiteClock "0:00:04"]
[BlackClock "0:00:23"]
[Board "7"]

1. d4 e6 2. c4 b6 3. Nc3 Bb4 4. e3 Bb7 5. Ne2 Nf6 6. a3 Bd6 7. Ng3 O-O 8. Bd3 c5 9. d5 exd5 10. cxd5 Be5 11. e4 Ba6 12. O-O Re8 13. Bxa6 Nxa6 14. Qd3 Nc7 15. f4 Bd4+ 16. Kh1 Ng4 17. Nf5 g6 18. Nxd4 cxd4 19. Qxd4 Qh4 20. h3 Nf6 21. b4 Nh5 22. Ne2 Nb5 23. Qd3 Nd6 24. e5 Nf5 25. Rf3 Qe1+ 26. Kh2 Nh4 27. Bb2 Nxf3+ 28. Qxf3 Qd2 29. Bc3 Qc2 30. Nd4 Qa4 31. Rf1 Rac8 32. f5 Rf8 33. Bb2 Rce8 34. g4 Ng7 35. f6 Ne6 36. dxe6 dxe6 37. Qe3 Kh8 38. h4 Rc8 39. Rf2 Qd1 40. Nf3 Rc2 41. Kg3 Rxf2 42. Qxf2 Rd8 43. Bd4 Qd3 44. Qb2 Rc8 45. Bf2 Rc3 46. Kh2 Qxf3 47. Qd2 Qh3+ 48. Kg1 Qxg4+ 49. Kf1 Qc4+ 50. Kg1 Rd3 51. Qh6 Qg4+ 0-1


[Site "https://www.chess.com"]

[Event "Titled Tuesday Blitz June 6 Early 2023"]
[White "Nepomniachtchi, Ian"]
[Black "Tang, Andrew"]
[WhiteFideId "4168119"]
[BlackFideId "2059630"]
[WhiteElo "2781"]
[BlackElo "2600"]
[Result "1-0"]
[Round "9"]
[TimeControl "180+2"]
[Date "2023.06.06"]
[WhiteClock "0:01:25"]
[BlackClock "0:00:04"]
[Board "8"]

1. e4 e5 2. f4 exf4 3. Nf3 Ne7 4. d4 d5 5. Bd3 dxe4 6. Bxe4 Ng6 7. h4 Bb4+ 8. c3 O-O 9. cxb4 Qe7 10. Nc3 f5 11. Ng5 fxe4 12. Qh5 h6 13. Qxg6 Bf5 14. Qh5 hxg5 15. hxg5 Qd6 16. Nd5 Bg6 17. Ne7+ Qxe7 18. Qxg6 Nc6 19. Qh7+ Kf7 20. Bxf4 Qxb4+ 21. Kf2 Qxd4+ 22. Kg3 Rad8 23. Rae1 Qxb2 24. Qf5+ Ke8 25. Rxe4+ Ne7 26. Rxe7+ 1-0


[Site "https://www.chess.com"]

[Event "Titled Tuesday Blitz June 6 Early 2023"]
[White "Yeletsky, Ivan"]
[Black "Naroditsky, Daniel"]
[WhiteFideId "24180327"]
[BlackFideId "2026961"]
[WhiteElo "2380"]
[BlackElo "2632"]
[Result "0-1"]
[Round "9"]
[TimeControl "180+2"]
[Date "2023.06.06"]
[WhiteClock "0:01:06"]
[BlackClock "0:01:17"]
[Board "9"]

1. e4 c5 2. Nf3 d6 3. d4 cxd4 4. Nxd4 Nf6 5. Nc3 a6 6. Rg1 e5 7. Nb3 h5 8. h3 Be6 9. Qf3 Nbd7 10. Be3 Rc8 11. g4 hxg4 12. hxg4 Rxc3 13. bxc3 Qc7 14. c4 b5 15. g5 bxc4 16. Nd2 Ng8 17. Rh1 Rxh1 18. Qxh1 Ne7 19. Rb1 c3 20. Nb3 d5 21. exd5 Nxd5 22. Bxa6 Nxe3 23. Qa8+ Ke7 24. fxe3 e4 25. Qxe4 Qg3+ 26. Ke2 Qh2+ 27. Kf3 Ne5+ 0-1


[Site "https://www.chess.com"]

[Event "Titled Tuesday Blitz June 6 Early 2023"]
[White "Duda, Jan-Krzysztof"]
[Black "Harsh Suresh"]
[WhiteFideId "1170546"]
[BlackFideId "45018464"]
[WhiteElo "2783"]
[BlackElo "2209"]
[Result "1-0"]
[Round "9"]
[TimeControl "180+2"]
[Date "2023.06.06"]
[WhiteClock "0:00:27"]
[BlackClock "0:00:08"]
[Board "10"]

1. e4 c6 2. d4 d5 3. e5 c5 4. Nf3 cxd4 5. Nxd4 Nc6 6. Bb5 Bd7 7. e6 fxe6 8. Bxc6 bxc6 9. Qe2 Qc8 10. Bf4 Nf6 11. Nd2 g6 12. b4 Bg7 13. Be5 O-O 14. O-O a5 15. c3 c5 16. bxc5 Qxc5 17. Rab1 Qc8 18. Rfe1 Nh5 19. N2f3 Qa6 20. Qxa6 Rxa6 21. Rb7 Rd8 22. Bxg7 Nxg7 23. g4 Ne8 24. Ne5 Rd6 25. Ra7 a4 26. Rb1 g5 27. Rbb7 Nf6 28. h4 h6 29. hxg5 hxg5 30. f4 Bc8 31. Rxe7 Nd7 32. Nxe6 Rxe6 33. Rxe6 Nf8 34. Ree7 gxf4 35. Rg7+ Kh8 36. Rg5 Be6 37. Rf7 a3 38. Rxf8+ Rxf8 39. Ng6+ Kg7 40. Nxf4+ Kf6 41. Rg6+ Ke5 42. Nxe6 Rb8 43. Kf2 Rb2+ 44. Ke3 Kd6 45. Nf4+ Kc5 46. Nd3+ Kb5 47. Nxb2 axb2 48. Rg8 Kc4 49. Rc8+ Kb5 50. Kd4 Ka4 51. Ra8+ Kb5 52. Kxd5 b1=Q 53. a4+ Kb6 54. Rb8+ Ka5 55. Rxb1 Kxa4 56. Rb4+ Ka3 57. g5 Ka2 58. g6 Ka3 59. g7 Ka2 60. g8=Q Ka3 61. Qa8# 1-0


[Site "https://www.chess.com"]

[Event "Titled Tuesday Blitz June 6 Early 2023"]
[White "Grischuk, Alexander"]
[Black "Bryakin, Mikhail"]
[WhiteFideId "4126025"]
[BlackFideId "4165314"]
[WhiteElo "2721"]
[BlackElo "2464"]
[Result "1-0"]
[Round "9"]
[TimeControl "180+2"]
[Date "2023.06.06"]
[WhiteClock "0:00:07"]
[BlackClock "0:00:03"]
[Board "11"]

1. Nf3 Nf6 2. g3 d5 3. Bg2 c6 4. O-O Bf5 5. c4 e6 6. Qb3 Qb6 7. d3 Nbd7 8. cxd5 cxd5 9. Qxb6 axb6 10. Nc3 Bc5 11. Bd2 h6 12. h3 Ke7 13. a3 Rhc8 14. Nb5 Bh7 15. b4 Bd6 16. Nxd6 Kxd6 17. Nd4 Ke7 18. f4 Nb8 19. Kf2 Nc6 20. Nb5 Na7 21. Nxa7 Rxa7 22. Rfc1 Raa8 23. Bc3 Kd7 24. Bf3 b5 25. g4 Ra6 26. Bb2 Rxc1 27. Rxc1 Rc6 28. h4 Rxc1 29. Bxc1 Ne8 30. e4 Nd6 31. Ke3 dxe4 32. dxe4 e5 33. fxe5 Nc4+ 34. Kd4 Ke6 35. Be2 Nxe5 36. Bxb5 Nxg4 37. Bc4+ Ke7 38. a4 f6 39. Bd5 b6 40. a5 bxa5 41. bxa5 Ne5 42. a6 Nd7 43. Ba3+ Kd8 44. a7 Nb6 45. Bc5 1-0


[Site "https://www.chess.com"]

[Event "Titled Tuesday Blitz June 6 Early 2023"]
[White "Ilamparthi A R"]
[Black "Hakobyan, Aram"]
[WhiteFideId "45015775"]
[BlackFideId "13306677"]
[WhiteElo "2348"]
[BlackElo "2584"]
[Result "0-1"]
[Round "9"]
[TimeControl "180+2"]
[Date "2023.06.06"]
[WhiteClock "0:00:03"]
[BlackClock "0:00:21"]
[Board "12"]

1. e4 c5 2. Nf3 d6 3. g3 Nf6 4. d3 g6 5. Bg2 Bg7 6. O-O O-O 7. Re1 e5 8. c3 Nc6 9. a3 b5 10. b4 a5 11. bxc5 dxc5 12. Bb2 Be6 13. a4 b4 14. cxb4 axb4 15. Nxe5 Na5 16. Nd2 Nd7 17. Ndf3 Nb6 18. h4 Nb3 19. Rb1 Nxa4 20. Nc6 Nxb2 21. Nxd8 Nxd1 22. Nxe6 fxe6 23. Rxb3 Nc3 24. d4 Rxf3 25. Bxf3 Bxd4 26. h5 Ra2 27. Rf1 Kf7 28. hxg6+ hxg6 29. Kg2 Be5 30. Bg4 Ke7 31. Kh3 Bd4 32. f3 Kd6 33. Re1 Ra3 34. Rb2 b3 35. f4 c4 36. Rd2 Nb5 37. Be2 Kc5 38. Rc1 Ra4 39. Bd1 Rb4 40. Bxb3 Rxb3 41. Rdd1 c3 42. f5 exf5 43. exf5 gxf5 44. Rf1 Nd6 45. Rf3 Kc4 46. Rf4 Ne4 47. Rxf5 Be3 48. Re1 c2 49. Re5 Kd4 50. Re8 c1=Q 51. Rxc1 Bxc1 52. Kh4 Bg5+ 53. Kh3 Rxg3+ 54. Kh2 Re3 55. Rf8 Ke5 56. Kg2 Rg3+ 57. Kf1 Ra3 58. Ke2 Ra2+ 59. Kd3 Rd2+ 60. Kc4 Rd4+ 61. Kb3 Nc5+ 62. Kc3 Bd2+ 63. Kc2 Ba5 64. Re8+ Kd5 65. Re2 Kc4 66. Rh2 Bc3 67. Rg2 Na6 68. Rh2 Nb4+ 69. Kc1 Kb3 70. Rh1 Rd2 71. Kb1 Rb2+ 72. Kc1 Nd3+ 73. Kd1 Rd2# 0-1


[Site "https://www.chess.com"]

[Event "Titled Tuesday Blitz June 6 Early 2023"]
[White "Kramnik, Vladimir"]
[Black "Fernandez Guillen, Ernesto J."]
[WhiteFideId "4101588"]
[BlackFideId "3512428"]
[WhiteElo "2703"]
[BlackElo "2434"]
[Result "1-0"]
[Round "9"]
[TimeControl "180+2"]
[Date "2023.06.06"]
[WhiteClock "0:00:17"]
[BlackClock "0:00:03"]
[Board "13"]

1. e4 e5 2. Nf3 Nc6 3. Bc4 g6 4. O-O Bg7 5. c3 d6 6. d4 Nge7 7. h3 O-O 8. Bb3 h6 9. dxe5 dxe5 10. Be3 Qe8 11. Na3 a6 12. Re1 Kh7 13. Nc2 f5 14. Bc5 b6 15. Bxe7 Qxe7 16. Bd5 Bd7 17. Nb4 Nxb4 18. Bxa8 Rxa8 19. cxb4 f4 20. Rc1 c6 21. Re2 Rf8 22. Rd2 Be8 23. Rd6 g5 24. a3 h5 25. h4 gxh4 26. Re6 Qd7 27. Qxd7 Bxd7 28. Re7 Be8 29. Nxh4 Kg8 30. Nf5 Bf6 31. Rb7 f3 32. g3 h4 33. Rc3 hxg3 34. fxg3 Bh5 35. g4 Bg6 36. Nh6+ Kh8 37. Rxf3 Bxe4 38. Rh3 Bd5 39. g5 Bd8 40. Nf7+ Kg8 41. Rh8+ Kg7 42. Rxf8 Kxf8 43. Nxd8 1-0


[Site "https://www.chess.com"]

[Event "Titled Tuesday Blitz June 6 Early 2023"]
[White "Horvath, Dominik"]
[Black "Terry, Renato"]
[WhiteFideId "1642561"]
[BlackFideId "3803457"]
[WhiteElo "2407"]
[BlackElo "2575"]
[Result "1-0"]
[Round "9"]
[TimeControl "180+2"]
[Date "2023.06.06"]
[WhiteClock "0:00:12"]
[BlackClock "0:00:31"]
[Board "14"]

1. e4 e6 2. d4 d5 3. Nc3 Nf6 4. e5 Nfd7 5. f4 c5 6. Nf3 Nc6 7. Be3 Be7 8. h4 a6 9. Ne2 b5 10. c3 b4 11. c4 cxd4 12. Nexd4 Nxd4 13. Nxd4 Bxh4+ 14. Kd2 Be7 15. Nc6 Qc7 16. Nxe7 d4 17. Bxd4 Kxe7 18. Qg4 Kf8 19. Bd3 h6 20. Rh3 Nc5 21. Rg3 g6 22. Bxg6 Rg8 23. Qh4 fxg6 24. Bxc5+ Qxc5 25. Rd3 Ra7 26. Qf6+ 1-0


[Site "https://www.chess.com"]

[Event "Titled Tuesday Blitz June 6 Early 2023"]
[White "Samadov, Read"]
[Black "Csonka, Balazs"]
[WhiteFideId "13417444"]
[BlackFideId "742910"]
[WhiteElo "2355"]
[BlackElo "2404"]
[Result "1-0"]
[Round "9"]
[TimeControl "180+2"]
[Date "2023.06.06"]
[WhiteClock "0:00:04"]
[BlackClock "0:00:02"]
[Board "15"]

1. c4 c5 2. Nc3 g6 3. Nf3 Bg7 4. g3 Nc6 5. Bg2 e6 6. O-O Nge7 7. a3 O-O 8. Rb1 d5 9. cxd5 exd5 10. d3 b6 11. Bd2 a5 12. a4 Ba6 13. h4 Qd7 14. h5 Rfe8 15. Ng5 Rad8 16. Rc1 h6 17. Bh3 Qd6 18. Nf3 g5 19. Re1 Nb4 20. Nxg5 hxg5 21. Bxg5 Bh6 22. Qd2 Kg7 23. e4 Ng8 24. Rcd1 Nxd3 25. Nxd5 Nxe1 26. Rxe1 Re5 27. Bxh6+ Qxh6 28. Qc3 f6 29. Nf4 Ne7 30. Qb3 Nc6 31. Qxb6 Nd4 32. Qxd8 Nf3+ 33. Kh1 Nxe1 34. Qd7+ Kg8 35. Be6+ Rxe6 36. Qxe6+ Kg7 37. Qxa6 Qg5 38. Ne6+ 1-0


[Site "https://www.chess.com"]

[Event "Titled Tuesday Blitz June 6 Early 2023"]
[White "Rustemov, Alexander"]
[Black "Pakleza, Zbigniew"]
[WhiteFideId "4119002"]
[BlackFideId "1119290"]
[WhiteElo "2884"]
[BlackElo "2410"]
[Result "0-1"]
[Round "9"]
[TimeControl "180+2"]
[Date "2023.06.06"]
[WhiteClock "0:00:02"]
[BlackClock "0:00:02"]
[Board "16"]

1. d4 d6 2. Nf3 Bg4 3. c4 c6 4. Nc3 Nf6 5. g3 Bxf3 6. exf3 e6 7. d5 exd5 8. cxd5 c5 9. Bh3 Be7 10. O-O O-O 11. Re1 Na6 12. Be3 Re8 13. Qd2 Rb8 14. Bf1 Nc7 15. a4 a6 16. Rab1 b5 17. b4 cxb4 18. Rxb4 a5 19. Rxb5 Nxb5 20. Nxb5 Qd7 21. Na7 Qxa4 22. Nc6 Bf8 23. Nxa5 Re5 24. Nc4 Rxd5 25. Qc1 Rc8 26. Qc3 Rb5 27. Qd3 Rb3 28. Qe2 Qb5 29. Rd1 d5 30. Ne5 Qxe2 31. Bxe2 Re8 32. f4 h6 33. Bf3 Rd8 34. Kg2 Rb2 35. Bd4 Rb7 36. Nc6 Rd6 37. Bxf6 Rxf6 38. Bxd5 Rd7 39. Ne5 Rc7 40. Bb3 g6 41. Rd8 Kg7 42. h4 h5 43. Bd5 Rd6 44. Rxd6 Bxd6 45. Nc6 Rb7 46. Bf3 Rb2 47. Ne5 Rd2 48. Nc4 Rd4 49. Nxd6 Rxd6 50. Kf1 Kf6 51. Ke2 Rb6 52. Ke3 Rb4 53. Ke2 Rb3 54. Be4 Ra3 55. Bf3 Ke6 56. Be4 Ra4 57. Bf3 Rb4 58. Ke3 Kf5 59. Ke2 Rb2+ 60. Ke3 Rb3+ 61. Ke2 f6 62. Bd5 Ra3 63. Bc6 Ke6 64. Be4 Kf7 65. Bd5+ Kg7 66. Be4 Kh6 67. Bf3 Rb3 68. Be4 Rb2+ 69. Ke3 Ra2 70. Bf3 g5 71. fxg5+ fxg5 72. hxg5+ Kxg5 73. Be4 Ra3+ 74. Ke2 Ra4 75. Ke3 Ra3+ 76. Ke2 Kg4 77. Bd5 Kh3 78. Bf7 Ra5 79. Ke3 Kg2 80. Bc4 Rf5 0-1


[Site "https://www.chess.com"]

[Event "Titled Tuesday Blitz June 6 Early 2023"]
[White "Sanal, Vahap"]
[Black "Papasimakopoulos, Alexandros"]
[WhiteFideId "6300545"]
[BlackFideId "4244125"]
[WhiteElo "2606"]
[BlackElo "2359"]
[Result "1/2-1/2"]
[Round "9"]
[TimeControl "180+2"]
[Date "2023.06.06"]
[WhiteClock "0:00:16"]
[BlackClock "0:00:09"]
[Board "17"]

1. e4 e6 2. Qe2 c5 3. g3 Nc6 4. Bg2 g6 5. Nf3 Bg7 6. O-O Nge7 7. c3 d5 8. d3 b6 9. Re1 h6 10. exd5 exd5 11. d4 O-O 12. Be3 Nf5 13. Qd2 Nxe3 14. Rxe3 Be6 15. Na3 cxd4 16. cxd4 Qd7 17. Nc2 Rac8 18. Rae1 Qd6 19. a3 Na5 20. Rc3 Rxc3 21. bxc3 Nc4 22. Qc1 Rc8 23. h4 Bf5 24. Ne3 Nxe3 25. Rxe3 Be4 26. Qb2 Bf8 27. Ne5 Bxg2 28. Kxg2 Qxa3 29. Qe2 Qd6 30. Qf3 Rc7 31. Ng4 Bg7 32. Re8+ Kh7 33. h5 a5 34. Ne3 Rd7 35. Nf5 Qf6 36. Ne3 Qxf3+ 37. Kxf3 Ra7 38. Nxd5 a4 39. Re2 b5 40. Rb2 a3 41. Ra2 Bf8 42. Ke3 gxh5 43. Kd3 Kg6 44. Kc2 Kf5 45. Kb3 Ke4 46. Nf6+ Kf3 47. Nxh5 f5 48. Nf4 Bd6 49. Nd5 f4 50. gxf4 h5 51. Ne3 h4 52. Nf5 Be7 53. Ra1 Bf6 54. Ka2 Kxf4 55. Ne3 Kf3 56. Rb1 h3 57. Rxb5 Rh7 58. Rf5+ Ke2 59. Ng4 Be7 60. Re5+ Kd3 61. Re3+ Kc4 62. Ne5+ Kd5 63. Nf3 Bd6 64. Re1 h2 65. Rh1 Kc4 66. Nd2+ Kxc3 67. Ne4+ Kxd4 68. Nxd6 Rh5 69. f4 Kd5 70. Ne8 Rh4 71. f5 Ke5 72. f6 Ke6 73. Kxa3 Kf7 74. Nc7 Kxf6 75. Nd5+ Ke5 76. Ne3 Rh3 77. Kb4 Rxe3 78. Rxh2 Rf3 79. Kc4 Ke4 80. Rh6 Rf4 81. Re6+ Kf5+ 82. Kd5 Rd4+ 83. Kxd4 Kxe6 1/2-1/2


[Site "https://www.chess.com"]

[Event "Titled Tuesday Blitz June 6 Early 2023"]
[White "Kleiman, Jake"]
[Black "Svane, Frederik"]
[WhiteFideId "2020041"]
[BlackFideId "12923044"]
[WhiteElo "2700"]
[BlackElo "2502"]
[Result "0-1"]
[Round "9"]
[TimeControl "180+2"]
[Date "2023.06.06"]
[WhiteClock "0:00:02"]
[BlackClock "0:00:02"]
[Board "18"]

1. e4 e5 2. Nf3 Nc6 3. Bc4 Nf6 4. d3 Bc5 5. c3 d6 6. Bb3 O-O 7. O-O a5 8. h3 Be6 9. Bc2 Ba7 10. Re1 Ne7 11. Nbd2 Ng6 12. Nf1 Nh5 13. d4 Nhf4 14. Ng3 Qc8 15. Nf5 Re8 16. g3 Nxh3+ 17. Kg2 d5 18. N3h4 dxe4 19. Bxe4 exd4 20. cxd4 Nxh4+ 21. Nxh4 Qd7 22. Nf3 c6 23. Qd3 h6 24. Qc2 Rad8 25. Be3 Bb8 26. Rad1 f5 27. Ne5 Bxe5 28. dxe5 Qf7 29. Bf3 f4 30. Bb6 Rxd1 31. Rxd1 fxg3 32. fxg3 Ng5 33. Be2 Bd5+ 34. Kh2 Nf3+ 35. Bxf3 Qxf3 36. Qf2 Qh5+ 37. Kg1 Qh1# 0-1


[Site "https://www.chess.com"]

[Event "Titled Tuesday Blitz June 6 Early 2023"]
[White "Pranav Anand"]
[Black "Wagner, Dennis"]
[WhiteFideId "46626786"]
[BlackFideId "24650684"]
[WhiteElo "2389"]
[BlackElo "2478"]
[Result "1-0"]
[Round "9"]
[TimeControl "180+2"]
[Date "2023.06.06"]
[WhiteClock "0:00:18"]
[BlackClock "0:00:02"]
[Board "19"]

1. d4 Nf6 2. c4 e6 3. Nc3 Bb4 4. e3 O-O 5. Bd3 d5 6. cxd5 exd5 7. a3 Bd6 8. Qc2 Na6 9. b4 c6 10. Nf3 Nc7 11. Bb2 Re8 12. h3 b5 13. Ne5 Bb7 14. Ne2 a5 15. bxa5 c5 16. O-O c4 17. Bf5 Rxa5 18. h4 Qa8 19. Qc1 g6 20. Bh3 Bc8 21. Nf4 Bxh3 22. Nxh3 Ne4 23. h5 f6 24. Ng4 gxh5 25. Nh6+ Kf8 26. Nf5 Qc8 27. Nxd6 Nxd6 28. Bc3 Ra6 29. Bb4 Kf7 30. f3 Rg8 31. Kh2 Qf5 32. Qd2 Ne6 33. Rae1 Qg6 34. Qf2 Nf5 35. Rb1 h4 36. Rfe1 Qg3+ 37. Qxg3 hxg3+ 38. Kg1 Rc8 39. Kf1 c3 40. Ke2 c2 41. Rbc1 Nexd4+ 42. exd4 Re6+ 43. Kd3 Rxe1 44. Bxe1 Rc4 45. Bc3 Ne3 46. Nf4 Nd1 47. Rxc2 Nf2+ 48. Kd2 Ra4 49. Bb4 Ra7 50. Nxd5 Ke6 51. Nc7+ Kf5 52. Nxb5 Rd7 53. Rc7 Rxc7 54. Nxc7 h5 55. d5 h4 56. d6 h3 57. d7 hxg2 58. d8=Q g1=Q 59. Qd5+ Kg6 60. Qg8+ Kf5 61. Qh7+ Kg5 62. Ne6# 1-0


[Site "https://www.chess.com"]

[Event "Titled Tuesday Blitz June 6 Early 2023"]
[White "Paravyan, David"]
[Black "Harutjunyan, Gevorg"]
[WhiteFideId "4194985"]
[BlackFideId "13300873"]
[WhiteElo "2563"]
[BlackElo "2474"]
[Result "1-0"]
[Round "9"]
[TimeControl "180+2"]
[Date "2023.06.06"]
[WhiteClock "0:02:26"]
[BlackClock "0:00:51"]
[Board "20"]

1. c4 e5 2. Nc3 Bb4 3. g3 Bxc3 4. bxc3 Nf6 5. Bg2 O-O 6. d3 Re8 7. e4 d6 8. Nf3 a6 9. a4 a5 10. O-O Na6 11. Nd2 Nc5 12. Nb3 Bg4 13. f3 Bd7 14. Nxc5 dxc5 15. Be3 b6 16. d4 cxd4 17. cxd4 exd4 18. Bxd4 c5 19. Bxf6 gxf6 20. Rb1 Qc7 21. f4 Be6 22. e5 Rad8 23. Qh5 f5 24. g4 fxg4 25. Qg5+ Kh8 26. Qf6+ Kg8 27. f5 Bc8 28. Rf4 h5 29. Qg5+ Kf8 30. Qh6+ Kg8 31. f6 1-0


[Site "https://www.chess.com"]

[Event "Titled Tuesday Blitz June 6 Early 2023"]
[White "Elsa167"]
[Black "Souleidis, Georgios"]
[BlackFideId "4206827"]
[WhiteElo "2902"]
[BlackElo "2401"]
[Result "1-0"]
[Round "9"]
[TimeControl "180+2"]
[Date "2023.06.06"]
[WhiteClock "0:00:07"]
[BlackClock "0:00:03"]
[Board "21"]

1. d4 Nf6 2. c4 g6 3. Nc3 Bg7 4. e4 d6 5. h3 O-O 6. Be3 e5 7. d5 Na6 8. g4 Nc5 9. f3 h5 10. Qd2 a5 11. O-O-O a4 12. Kb1 Bd7 13. Nge2 b6 14. Bg5 Qe8 15. Rg1 hxg4 16. hxg4 Nh7 17. Be3 Qe7 18. g5 Rfb8 19. Nb5 Rb7 20. Nec3 Rf8 21. Qh2 Ra8 22. Bh3 Bxh3 23. Qxh3 Nf8 24. Rh1 Qd7 25. Qh4 Qe7 26. Rd2 Rab8 27. Rdh2 Ra8 28. Rd2 Rbb8 29. Nd1 Rb7 30. Nf2 f5 31. gxf6 Qxf6 32. Qg3 Ncd7 33. Ng4 Qe7 34. Nh6+ Bxh6 35. Rxh6 Nf6 36. Bg5 Qg7 37. Rdh2 N6h7 38. R6h4 Re8 39. Bh6 Qf7 40. Bxf8 Nxf8 41. Rh8+ Kg7 42. Qg5 Qf6 43. Rg8+ Kf7 44. Qxf6+ Kxf6 45. Rhh8 Kf7 46. Nc3 Rbb8 47. Nxa4 Nd7 48. Rxe8 Rxe8 49. Rxe8 Kxe8 50. Nc3 Nc5 51. Nb5 Kd7 52. Kc2 g5 53. Nc3 Kd8 54. b4 Nd7 55. a4 Nf6 56. Kd3 g4 57. fxg4 Nxg4 58. c5 bxc5 59. bxc5 Nf2+ 60. Kc4 Kc8 61. Kb5 Kb7 62. a5 Nd3 63. a6+ Kb8 64. cxd6 cxd6 65. Kc6 Ka7 66. Nb5+ Kxa6 67. Nxd6 Ka7 68. Nf7 Kb8 69. d6 Kc8 70. d7+ Kb8 71. d8=Q+ 1-0


[Site "https://www.chess.com"]

[Event "Titled Tuesday Blitz June 6 Early 2023"]
[White "Molina, Roberto Junio Brito"]
[Black "Redzisz, Michal"]
[WhiteFideId "2109450"]
[BlackFideId "21816107"]
[WhiteElo "2376"]
[BlackElo "2175"]
[Result "1-0"]
[Round "9"]
[TimeControl "180+2"]
[Date "2023.06.06"]
[WhiteClock "0:00:46"]
[BlackClock "0:00:05"]
[Board "22"]

1. d4 Nf6 2. c4 e6 3. Nf3 Bb4+ 4. Bd2 a5 5. g3 b6 6. Bg2 Bb7 7. O-O O-O 8. Bg5 h6 9. Bxf6 Qxf6 10. Nbd2 Bxd2 11. Qxd2 d6 12. Rac1 Be4 13. Rc3 Nd7 14. Rd1 Qe7 15. Bh3 f5 16. Ne1 e5 17. dxe5 Nxe5 18. Bg2 Kh8 19. b3 Rae8 20. Re3 Ng4 21. Rc3 Bxg2 22. Nxg2 Qxe2 23. Qxe2 Rxe2 24. Nf4 Rxa2 25. Ng6+ Kg8 26. Nxf8 Kxf8 27. Rf3 g6 28. h3 Ne5 29. Re3 a4 30. f4 Nc6 31. bxa4 Rxa4 32. Re6 Kf7 33. Rde1 Ne5 34. R1xe5 dxe5 35. Rc6 e4 36. Rxc7+ Kf6 37. Rc6+ Kf7 38. g4 Rb4 39. Kf2 h5 40. gxf5 gxf5 41. Ke3 Rb3+ 42. Kd4 Rxh3 43. Ke5 e3 44. Kxf5 e2 45. Re6 Rc3 46. Rxe2 Rxc4 47. Kg5 Rc5+ 48. f5 b5 49. Ra2 h4 50. Ra7+ Kf8 51. Rh7 b4 52. Rxh4 Rb5 53. Kg6 b3 54. f6 Ke8 55. Rh8+ Kd7 56. f7 Rb6+ 57. Kg7 1-0


[Site "https://www.chess.com"]

[Event "Titled Tuesday Blitz June 6 Early 2023"]
[White "Aradhya, Garg"]
[Black "Hambleton, Aman"]
[WhiteFideId "25006746"]
[BlackFideId "2606577"]
[WhiteElo "2263"]
[BlackElo "2511"]
[Result "1-0"]
[Round "9"]
[TimeControl "180+2"]
[Date "2023.06.06"]
[WhiteClock "0:00:39"]
[BlackClock "0:00:01"]
[Board "23"]

1. d4 Nf6 2. c4 e6 3. Nf3 b6 4. a3 Bb7 5. Bf4 Bd6 6. Bxd6 cxd6 7. Nc3 d5 8. e3 dxc4 9. Bxc4 O-O 10. O-O d6 11. Qe2 a6 12. e4 d5 13. exd5 Nxd5 14. Rac1 Nxc3 15. bxc3 b5 16. Bb3 Nc6 17. a4 b4 18. Rfd1 Na5 19. Ba2 bxc3 20. Rxc3 Bd5 21. Bxd5 Qxd5 22. Rc5 Qd8 23. d5 Nb7 24. dxe6 Qxd1+ 25. Qxd1 Nxc5 26. e7 Rfe8 27. Qd5 Nxa4 28. Ne5 Nb6 29. Qxf7+ Kh8 30. h4 a5 31. h5 h6 32. g4 a4 33. g5 Nc8 34. Qf8+ Kh7 35. g6# 1-0


[Site "https://www.chess.com"]